 Dungeon Crawl Stone Soup version 0.28.0-53-g5a82cb258f (webtiles) character file.

Game seed: 11455212260246842991

459 quixfox the Chopper (level 7, 0/61 HPs)
             Began as a Hill Orc Fighter on July 10, 2022.
             Was an Initiate of Okawaru.
             Slain by Edmund
             ... wielding a +2 flail of protection
              (7 damage)
             ... on level 5 of the Dungeon.
             The game lasted 00:04:33 (2868 turns).

quixfox the Chopper (Hill Orc Fighter)              Turns: 2868, Time: 00:04:33

Health: 0/61       AC:  9    Str: 21    XL:     7   Next: 6%
Magic:  16/16      EV:  7    Int:  8    God:    Okawaru [......]
Gold:   175        SH:  4    Dex: 10    Spells: 6/6 levels left

rFire   . . .      SeeInvis .   o - +3 hand axe of the Magic Mushroom {pain, rElec MP+9}
rCold   + . .      Faith    .   c - +0 buckler
rNeg    . . .      Spirit   .   t - +0 chain mail
rPois   .          Reflect  .   (no helmet)
rElec   +          Harm     .   (no cloak)
rCorr   .          Rampage  .   (no gloves)
Will    .....                   (no boots)
Stlth   ..........              (no amulet)
HPRegen 0.20/turn               v - ring of protection from cold
MPRegen 0.15/turn               (no ring)

@: no status effects
A: no striking features
a: Renounce Religion


You were on level 5 of the Dungeon.
You worshipped Okawaru.
Okawaru was noncommittal.
You visited 1 branch of the dungeon, and saw 5 of its levels.

You collected 175 gold pieces.

Inventory:

Hand Weapons
 a - a +0 war axe
 o - the +3 hand axe of the Magic Mushroom (weapon) {pain, rElec MP+9}
   (You found it on level 2 of the Dungeon)

   In the hands of one skilled in necromantic magic, it inflicts extra damage on
   living creatures.
   rElec:     It insulates you from electricity.
   MP:        It affects your magic capacity (+9).
Armour
 c - a +0 buckler (worn)
 r - a +0 plate armour
 t - a +0 chain mail (worn)
Jewellery
 l - a ring of flight
 v - a ring of protection from cold (left hand)
Wands
 s - a wand of charming (6)
Scrolls
 b - a scroll of blinking {unknown}
 f - 2 scrolls of magic mapping {unknown}
 g - a scroll of brand weapon {unknown}
 h - a scroll of noise {unknown}
 j - a scroll of silence {unknown}
 k - 2 scrolls of fog {unknown}
 p - 3 scrolls of identify {unknown}
 q - a scroll of teleportation {unknown}
 u - a scroll of vulnerability {unknown}
 x - a scroll of enchant weapon {unknown}
Potions
 d - a potion of might
 e - a potion of brilliance {unknown}
 i - a potion of haste {unknown}
 m - 2 potions of lignification {unknown}
 n - 3 potions of ambrosia {unknown}
 w - a potion of degeneration {unknown}


   Skills:
 + Level 5.6 Fighting
 * Level 7.1 Axes
 + Level 5.0 Armour
 - Level 3.2 Shields
 + Level 0.0 Invocations


You had 6 spell levels left.
You didn't know any spells.
Your spell library contained the following spells:

 Spells                   Type           Power      Damage    Failure   Level
 Sting                    Tmut/Pois      0%         1d3       99%         1
 Poisonous Vapours        Pois/Air       0%         N/A       100%        2
 Olgreb's Toxic Radiance  Pois           0%         N/A       100%        4


Dungeon Overview and Level Annotations

Branches:
Dungeon (5/15)
 Temple: D:4-7

Altars:
Okawaru
Ru
Yredelemnul

Annotations:
D:5 Edmund


Message History

Edmund is moderately wounded.
Edmund zaps a wand.
The puff of flame hits you.
You hit Edmund but do no damage.
Edmund is moderately wounded.
You hit the bullfrog skeleton.
You block the bullfrog skeleton's attack.
Edmund hits you with a +2 flail of protection.
The bullfrog skeleton hits you.
You hit Edmund but do no damage.
Edmund is moderately wounded.
You hit the bullfrog skeleton.
Edmund zaps a wand.
The puff of flame hits you. The bullfrog skeleton hits you.
You slash Edmund!
Edmund is severely wounded.
You hit the bullfrog skeleton.
Edmund hits you with a +2 flail of protection.
The bullfrog skeleton hits you but does no damage.
You slash Edmund!
Edmund is severely wounded.
You hit the bullfrog skeleton.
The bullfrog skeleton hits you but does no damage.
Edmund zaps a wand.
The puff of flame misses you.
You closely miss Edmund.
Edmund is severely wounded.
You hit the bullfrog skeleton.
You block the bullfrog skeleton's attack.
Edmund zaps a wand.
The puff of flame hits you!
* * * LOW HITPOINT WARNING * * *
The bullfrog skeleton hits you but does no damage.
You barely miss Edmund.
Edmund is severely wounded.
You hit the bullfrog skeleton.
Edmund hits you with a +2 flail of protection.
* * * LOW HITPOINT WARNING * * *
The bullfrog skeleton hits you but does no damage.
You hit Edmund.
Edmund is almost dead.
You hit the bullfrog skeleton.
Edmund hits you with a +2 flail of protection!
You die...

#$ #.# #.# #. #.# #.# #.
#.# #.#
#.###.#######.###### #
#.#...........<.....
###.#.).....>...........
##.............##...##...
.......@Z#####.###.###...
#..#.###@# #.# ### #...
#@ #. #.# #.# ###. . #
#.# #.# #. #.# #.# #. ###
### #. #. #. #. #.


You could see Edmund and a bullfrog skeleton.

Vanquished Creatures
  Sigmund (D:3)
  A phantom (D:4)
  A jelly (D:4)
  A hound (D:4)
  Jessica (D:2)
  Ijyb (D:3)
  An adder (D:4)
  An ufetubus (D:4)
  4 dart slugs
  6 orcs
  7 bats
  4 endoplasms
  A giant cockroach (D:1)
  5 goblins
  10 hobgoblins
  4 jackals
  6 kobolds
  5 quokkas
  10 ball pythons
  3 frilled lizards
  5 rats
78 creatures vanquished.

Notes
Turn   | Place    | Note
-------+----------+-------------------------------------------
     0 | D:1      | quixfox the Hill Orc Fighter began the quest for the Orb.
     0 | D:1      | Reached XP level 1. HP: 19/19 MP: 1/1
     4 | D:1      | Found a faded altar of an unknown god.
   116 | D:1      | Reached skill level 3 in Axes
   123 | D:1      | Reached XP level 2. HP: 21/27 MP: 2/2
   695 | D:1      | Reached XP level 3. HP: 33/33 MP: 3/3
   943 | D:2      | Reached skill level 4 in Axes
  1089 | D:2      | Identified the +3 hand axe of the Magic Mushroom {pain,
                  | rElec MP+9}
  1241 | D:2      | Noticed Jessica
  1244 | D:2      | Killed Jessica
  1245 | D:2      | Reached XP level 4. HP: 39/41 MP: 4/4
  1426 | D:3      | Noticed Sigmund
  1435 | D:3      | Killed Sigmund
  1436 | D:3      | Reached skill level 5 in Fighting
  1436 | D:3      | Reached skill level 6 in Axes
  1436 | D:3      | Reached XP level 5. HP: 45/48 MP: 5/5
  1436 | D:3      | Reached XP level 6. HP: 53/56 MP: 6/6
  1825 | D:3      | Noticed Ijyb
  1841 | D:3      | Killed Ijyb
  2077 | D:4      | Found a sacrificial altar of Ru.
  2254 | D:4      | Reached skill level 7 in Axes
  2254 | D:4      | Reached skill level 5 in Armour
  2254 | D:4      | Reached XP level 7. HP: 57/61 MP: 7/7
  2449 | D:4      | Found an iron altar of Okawaru.
  2536 | D:4      | Became a worshipper of Warmaster Okawaru
  2626 | D:4      | Found a basalt altar of Yredelemnul.
  2757 | D:5      | Entered Level 5 of the Dungeon
  2844 | D:5      | Noticed Edmund
  2868 | D:5      | Slain by Edmund

Illustrated notes

Levels and vault maps discovered:
D:1:      wander_arrival_peaceful_grave, layout_basic,
          dreamdust_ecumenical_altar_statues
D:2:      layout_basic, uniq_jessica
D:3:      layout_basic, uniq_sigmund, uniq_ijyb
D:4:      layout_cave_pools, mainiacjoe_overflow_catwalk_spiral,
          lemuel_tele_altar
D:5:      layout_loops_ring, nicolae_zen_rock_garden, uniq_edmund

Skill      XL: |  1  2  3  4  5  6 |
---------------+-------------------+-----
Axes           | 3 4 6 7 |  7.1
Fighting       | 4 5 |  5.6
Armour         | 4 5 |  5.0
Shields        | |  3.2

Action                   |  1- 3 |  4- 6 |  7- 9 || total
-------------------------+-------+-------+-------++-------
Melee: War axe           |   102 |       |       ||   102
       Hand axe          |     8 |    90 |    37 ||   135
  Use: Potion            |       |     1 |       ||     1
Armor: Scale mail        |    60 |    18 |       ||    78
       Chain mail        |       |    10 |     7 ||    17
Dodge: Dodged            |    54 |    29 |     9 ||    92
Block: Buckler           |    25 |    21 |     8 ||    54
